 Dungeon Crawl Stone Soup version 0.28-a0-1033-g1a2f33fa85 (webtiles) character file.

Game seed: 6146689082012903178

2 ytrimaz the Scratcher (level 1, -1/9 HPs)
             Began as a Felid Transmuter on Dec 7, 2021.
             Slain by a hobgoblin (4 damage)
             ... on level 1 of the Dungeon.
             The game lasted 00:00:45 (239 turns).

ytrimaz the Scratcher (Felid Transmuter)             Turns: 239, Time: 00:00:46

Health: -1/9       AC:  1    Str:  6    XL:     1   Next: 33%
Magic:  3/4        EV: 17    Int: 14    God:
Gold:   0          SH:  0    Dex: 16    Spells: 3/4 levels left
                                        Lives:  0   Deaths: 0

rFire   . . .      SeeInvis +     - Unarmed
rCold   . . .      Faith    .   (shield unavailable)
rNeg    . . .      Spirit   .   (armour unavailable)
rPois   .          Reflect  .   (helmet unavailable)
rElec   .          Harm     .   (cloak unavailable)
rCorr   .          Rampage  .   (gloves unavailable)
Will    .....                   (boots unavailable)
Stlth   +.........              (no amulet)
HPRegen 0.03/turn               (no ring)
MPRegen 0.09/turn               (no ring)

@: appendages (expiring), quick
A: horns 2, very small, claws 1, fangs 3, see invisible, speed 1, shaggy fur 1,
stealthy paws, no weapons or thrown items, no armour, multi-lived
a: End Transformation


You were on level 1 of the Dungeon.
You had temporarily grown beastly horns.
You visited 1 branch of the dungeon, and saw 1 of its levels.

You aren't carrying anything.


   Skills:
 * Level 1.1 Fighting
 * Level 2.8 Dodging
 + Level 3.0 Unarmed Combat
 - Level 2.0 Spellcasting
 + Level 2.2 Transmutations


You had 3 spell levels left.
You knew the following spells:

 Your Spells              Type           Power      Damage    Failure   Level
a - Beastly Appendage     Tmut           14%        N/A       10%         1

Your spell library contained the following spells:

 Spells                   Type           Power      Damage    Failure   Level
 Wereblood                Tmut           7%         N/A       14%         2
 Spider Form              Tmut/Pois      4%         N/A       41%         3
 Ice Form                 Ice/Tmut       4%         N/A       83%         4


Dungeon Overview and Level Annotations

Branches:
Dungeon (1/15)

Altars:


Innate Abilities, Weirdness & Mutations

You have temporarily grown beastly horns.
You have sharp claws.
You have razor-sharp teeth.
You have supernaturally acute eyesight. (SInv)
You cover ground quickly. (Speed+)
You are covered in fur. (AC +1)
Your paws help you pounce on unaware monsters.
You are incapable of wielding weapons or throwing items.
You cannot wear armour.
You gain extra lives every three experience levels.


Message History

The quokka misses you.
Unknown command.
You scratch the quokka.
You kill the quokka!
Unknown command.
You see here 17 bolts.
You see here 17 bolts.
You see here a quokka corpse.
You start resting.
A kobold is nearby!
A hobgoblin comes into view.
A rat comes into view.
Found a scroll labelled WAGGEYLURO.
Found 12 gold pieces.
You see here 11 poisoned darts.
You see here a quokka corpse.
You see here 17 bolts.
There is an open door here.
You close the door.
You start resting.
There are monsters nearby!
You grow a pair of large bovine horns.
The kobold closely misses you.
You scratch the kobold but do no damage.
The rat twitches its whiskers.
You closely miss the kobold. The kobold closely misses you.
You closely miss the kobold. You bite the kobold.
The kobold is moderately wounded.
The kobold hits you with a +0 dagger.
You scratch the kobold.
The kobold is severely wounded.
The kobold misses you.
You closely miss the kobold. You headbutt the kobold.
You kill the kobold!
Your transformation is almost over.
You scratch the rat.
You kill the rat!
You scratch the hobgoblin.
The hobgoblin is severely wounded.
The hobgoblin hits you.
You die...

#.# .... #.#
#(##########
#......)...#
#..≈≈≈≈..8.#
#..........#
#####.######
####g#####
#...@....#
#........#
#......<.#
#........#
#........#
##########


You could see a hobgoblin.

Vanquished Creatures
  A quokka (D:1)
  A kobold (D:1)
  A rat (D:1)
3 creatures vanquished.

Notes
Turn   | Place    | Note
-------+----------+-------------------------------------------
     0 | D:1      | ytrimaz the Felid Transmuter began the quest for the Orb.
     0 | D:1      | Reached XP level 1. HP: 9/9 MP: 4/4
   239 | D:1      | Slain by a hobgoblin

Illustrated notes

Levels and vault maps discovered:
D:1:      dpeg_arrival_rooms_c, layout_rooms

Action                   || total
-------------------------++-------
Melee: Unarmed           ||    22
       Headbutt          ||     1
       Bite              ||     1
 Cast: Beastly Appendage ||     2
Armor: Skin              ||     1
Dodge: Dodged            ||    18

Table legend: (Time is in decaauts)
 A = Elapsed time spent in this place.
 B = Non-inter-level travel time spent in this place.
 C = Inter-level travel time spent in this place.
 D = Time resting spent in this place.
 E = Time spent auto-exploring this place.
 F = Levels seen in this place.
 G = Mean time per level.
                   A        B        C        D        E       F      G
               +--------+--------+--------+--------+--------+-----+--------+
         Total |    203 |    203 |      0 |     44 |     31 |   1 |  203.0 |
       Dungeon |    203 |    203 |      0 |     44 |     31 |   1 |  203.0 |
               +--------+--------+--------+--------+--------+-----+--------+

Top non-repeatable levels by time:
     D:1: 203 daAuts
